Map: Ruins of Endion

Players

HabsExecutor

  • Race: Protoss Protoss
  • League: Diamond

Zarkze - Winner!

  • Race: Terran Terran
  • League: Gold

VOD

Have the link to the VOD?

Description

Time

  • Played on: July 2, 2016, 12:11 a.m.
  • Length: 9:25
Show
View Real Time Build Order
Export as new Build Order

HabsExecutor Protoss 

Build Orders: Nexus First 

Get SALT Encoding   

  12  0:08  Probe (Chrono Boost)  
  13  0:19  Probe (Chrono Boost)  
  14  0:27  Pylon  
  14  0:35  Probe (Chrono Boost)  
  15  0:45  Probe (Chrono Boost)  
  16  0:59  Nexus  
  16  1:10  Gateway  
  16  1:13  Probe (Chrono Boost)  
  17  1:20  Assimilator  
  17  1:36  Assimilator  
  17  1:42  Probe (Chrono Boost), Pylon  
  18  1:57  Cybernetics Core  
  18  2:11  Probe (Chrono Boost)  
  19  2:21  Probe (Chrono Boost)  
  20  2:25  Zealot (Chrono Boost)  
  22  2:33  Probe  
  22  2:35  Gateway  
  22  2:37  Warp Gate (Chrono Boost)  
  22  2:38  Gateway  
  22  2:45  Mothership Core  
  24  2:57  Stalker (Chrono Boost)  
  26  3:02  Probe  
  27  3:06  Probe  
  28  3:18  Pylon  
  27  3:27  Probe  
  28  3:38  Stalker x2  
  28  3:40  Probe  
  33  3:44  Stalker  
  33  3:52  Probe  
  33  3:54  Probe  
  33  4:07  Pylon  
  33  4:08  Stalker  
  33  4:09  Probe  
  36  4:17  Stargate  
  36  4:29  Probe  
  36  4:30  Probe  
  38  4:41  Probe  
  38  4:43  Probe  
  40  4:50  Assimilator  
  40  4:55  Assimilator  
  40  5:00  Oracle (Chrono Boost)  
  40  5:05  Pylon  
  43  5:09  Gateway  
  43  5:10  Gateway  
  43  5:11  Probe  
  43  5:12  Probe  
  43  5:13  Gateway  
  45  5:21  Probe  
  45  5:24  Probe  
  47  5:41  Probe  
  48  5:54  Probe  
  48  5:55  Probe  
  48  6:00  Robotics Facility  
  48  6:04  Phoenix (Chrono Boost)  
  42  6:29  Stalker  
  42  6:30  Stalker  
  42  6:37  Phoenix (Chrono Boost)  
  44  6:42  Probe  
  44  6:43  Probe  
  44  6:49  Immortal (Chrono Boost)  
  44  6:51  Zealot x4  
  44  6:52  Zealot  
  44  6:53  Zealot  
  60  7:06  Nexus  
  60  7:08  Pylon  
  60  7:10  Pylon  
  60  7:12  Pylon  
  60  7:15  Probe x2  
  62  7:21  Robotics Bay  
  62  7:35  Phoenix  
  62  7:42  Stalker x2  
  68  7:45  Probe x2  
  70  7:52  Pylon  
  65  8:24  Zealot x3  
  65  8:25  Zealot x3  
  73  8:31  Colossus (Chrono Boost)  
  61  8:48  Stalker x3  
  57  8:50  Stalker  
  57  8:52  Stalker  
  51  9:07  Stalker  
  49  9:17  Stalker x2  
  49  9:18  Zealot x2  
Show
View Real Time Build Order
Export as new Build Order

Zarkze Terran - Winner!

Build Orders: MMM Bio 

Get SALT Encoding   

  12  0:01  SCV  
  13  0:13  SCV  
  14  0:19  Supply Depot  
  14  0:25  SCV  
  15  0:41  SCV  
  16  0:43  Barracks  
  16  0:48  Refinery  
  16  0:53  SCV  
  17  0:58  Supply Depot  
  17  1:05  SCV  
  18  1:17  SCV  
  19  1:29  SCV  
  19  1:32  Reaper  
  21  1:57  Bunker  
  21  2:03  Command Center  
  21  2:04  Reaper  
  21  2:05  Orbital Command  
  22  2:34  SCV  
  22  2:36  Marine  
  24  2:41  Factory  
  24  3:30  Widow Mine  
  24  3:33  Orbital Command  
  26  3:35  Barracks Reactor  
  26  3:37  Bunker  
  25  3:42  Engineering Bay  
  25  3:43  Barracks x2  
  25  3:47  Refinery  
  24  4:07  SCV  
  24  4:08  SCV  
  26  4:10  Terran Infantry Weapons Level 1  
  26  4:12  Marine x2  
  28  4:18  Widow Mine, Starport  
  28  4:19  SCV  
  28  4:20  SCV  
  32  4:27  Missile Turret  
  32  4:28  Missile Turret  
  32  4:33  Barracks Tech Lab x2  
  32  4:34  Marine  
  33  4:39  SCV  
  33  4:41  SCV  
  33  4:42  Liberator  
  35  4:52  Marine x3  
  36  4:53  Marine  
  36  4:54  SCV x2  
  44  5:08  Supply Depot  
  44  5:10  Supply Depot, SCV x2  
  44  5:14  Marine x3  
  47  5:17  Factory Reactor  
  49  5:40  Marine x4  
  49  5:41  SCV x2  
  55  6:06  SCV x2  
  55  6:11  Marine x4  
  62  6:18  SCV  
  62  6:22  SCV  
  63  6:25  Terran Infantry Armor Level 1  
  63  6:26  Combat Shields  
  63  6:27  Stimpack  
  63  6:30  SCV  
  64  6:37  SCV  
  64  6:39  Refinery  
  65  6:40  Refinery  
  65  6:42  SCV  
  65  6:45  Marine x2  
  65  6:46  Marauder  
  70  6:52  Medivac x2, SCV, Marauder  
  77  6:54  Supply Depot  
  77  6:56  Command Center  
  77  7:05  Marine  
  78  7:14  Supply Depot  
  78  7:16  SCV x2, Marine  
  78  7:22  Medivac x2  
  85  7:28  SCV x2  
  87  7:33  Marine  
  87  7:34  Marauder x2, Marine  
  93  7:40  SCV  
  93  7:42  Supply Depot  
  93  7:43  Supply Depot  
  94  8:28  Marine x2  
  94  8:29  Marauder x2  
  94  8:31  Medivac x2  
  96  8:50  Marine x2  
  96  8:51  Marauder x2  
Tags
 
Add a new tag
Caveats
  • Supply blocks, unpowered buildings, or Contaminate may cause inaccurate times.
  • Supply counts are checked every 10 seconds.